 Dungeon Crawl Stone Soup version 0.13.0-59-g13bd910 (webtiles) character file.

74074 Spinnock the Spry (level 15, -7/101 HPs)
             Began as a High Elf Gladiator on Nov 16, 2013.
             Was a High Priest of Okawaru.
             Mangled by a titanic slime creature (96 damage)
             ... on Level 16 of the Dungeon on Nov 17, 2013.
             The game lasted 02:15:24 (38487 turns).

Spinnock the Spry (High Elf Gladiator)             Turns: 38487, Time: 02:15:25

HP  -7/101       AC 18     Str 19      XL: 15   Next:  5%
MP  33/33        EV 35     Int 16      God: Okawaru [*****.]
Gold 159         SH  0     Dex 23      Spells:  6 memorised, 13 levels left

Res.Fire  : + . .   See Invis. : .   P - +6,+8 great mace "Daep" {vamp, rF+ rC+ MR+ Str+2}
Res.Cold  : + . .   Warding    : .   Q - +2 elf robe {MR+}
Life Prot.: . . .   Conserve   : .   (no shield)
Res.Poison: .       Res.Corr.  : +   s - +1 helmet {Int+3}
Res.Elec. : .       Clarity    : +   k - +2 cloak {darkness}
Sust.Abil.: . .     Spirit.Shd : .   t - +0 pair of gloves {Str+3}
Res.Mut.  : .       Stasis     : .   W - +0 pair of boots
Res.Rott. : .       Flight     : .   E - amulet of resist corrosion
Saprovore : . . .                    h - +2 ring of evasion
                                     i - +6 ring of protection

@: heroism, extremely resistant to hostile enchantments, very stealthy
A: clarity
a: Heroism, Finesse, Renounce Religion, Evoke Invisibility


You were on level 16 of the Dungeon.
You worshipped Okawaru.
Okawaru was extremely pleased with you.
You were full.

You visited 4 branches of the dungeon, and saw 29 of its levels.

You collected 2736 gold pieces.
You spent 2597 gold pieces at shops.

Inventory:

Hand weapons
 m - a +3,+1 sabre of electrocution
 r - a +0 blowgun
 P - the +6,+8 great mace "Daep" (weapon) {vamp, rF+ rC+ MR+ Str+2}
   (You acquired it on level 14 of the Dungeon)

   It inflicts no extra harm, but heals its wielder somewhat when it strikes a
   living foe.
   It affects your strength (+2).
   It protects you from fire.
   It protects you from cold.
   It affects your resistance to hostile enchantments.
Missiles
 y - 4 curare-tipped needles
Armour
 k - a +2 cloak of darkness (worn)
 l - a +2 wizard hat
 s - a +1 helmet of intelligence (worn)
 t - a +0 pair of gloves of strength (worn)
 A - a +0 wizard hat of intelligence
 Q - a +2 elven robe of magic resistance (worn)
 S - a +0 buckler of reflection
 W - a +0 pair of boots (worn)
Magical devices
 c - a wand of draining (0)
 d - a wand of teleportation (4)
 q - a wand of fire (9)
 M - a wand of digging (4)
 V - a wand of confusion (0)
 Y - a wand of polymorph (19)
Comestibles
 f - a bread ration
 p - 5 meat rations
 T - a royal jelly
Scrolls
 u - 2 scrolls of magic mapping
 v - a scroll of curse weapon {unknown}
 B - 3 scrolls of remove curse
 G - 2 scrolls of teleportation
 H - 2 scrolls of identify
 U - a scroll of fog
Jewellery
 a - the ring "Osaekh" {+Rage rPois rN+ Dex+1 SInv}
   (You bought it in a shop on level 15 of the Dungeon)

   [ring of dexterity]

   It affects your dexterity (+1).
   It protects you from poison.
   It protects you from negative energy.
   It enhances your eyesight.
   It lets you go berserk.
 b - an uncursed amulet of rage
 g - an uncursed ring of ice
 h - a +2 ring of evasion (right hand)
 i - a +6 ring of protection (left hand)
 j - an uncursed ring of protection from cold
 x - an uncursed amulet of guardian spirit
 D - an uncursed ring of invisibility
 E - an amulet of resist corrosion (around neck)
 L - an uncursed ring of sustenance
 X - an uncursed ring of protection from fire
Potions
 e - a potion of heal wounds
 z - a potion of flight {unknown}
 F - 5 potions of curing
 N - 2 potions of cure mutation
 O - 2 potions of speed
 R - 2 potions of restore abilities
 Z - 2 potions of brilliance
Books
 o - a book of Air

   Spells                             Type                      Level
   Shock                              Conjuration/Air              1
   *Swiftness                         Charms/Air                   2
   *Repel Missiles                    Charms/Air                   2
   *Flight                            Charms/Air                   3
   Static Discharge                   Conjuration/Air              3
   *Lightning Bolt                    Conjuration/Air              5
 C - a book of Minor Magic

   Spells                             Type                      Level
   Magic Dart                         Conjuration                  1
   *Blink                             Translocation                2
   Call Imp                           Summoning                    2
   *Repel Missiles                    Charms/Air                   2
   Slow                               Hexes                        2
   Conjure Flame                      Conjuration/Fire             3
   Mephitic Cloud                     Conjuration/Poison/Air       3
 K - a book of Transfigurations

   Spells                             Type                      Level
   Stoneskin                          Transmutation/Earth          2
   Polymorph                          Hexes/Transmutation          4
   Ice Form                           Ice/Transmutation            4
   Statue Form                        Transmutation/Earth          6
   Dragon Form                        Transmutation                7
Miscellaneous
 n - a lamp of fire


   Skills:
 - Level 10.3(15.3) Fighting
 - Level 9.9(14.9) Short Blades
   Level 6.6(11.6) Long Blades
 + Level 9.4(14.4) Maces & Flails
 - Level 2.1(7.1) Throwing
 - Level 15.8(20.8) Dodging
 - Level 1.6(6.6) Stealth
 - Level 9.8 Spellcasting
 - Level 13.0 Charms
 - Level 2.7 Air Magic
 - Level 2.9 Invocations


You had 13 spell levels left.
You knew the following spells:

 Your Spells              Type           Power        Failure   Level  Hunger
a - Haste                 Chrm           #####...     8%          6    ######.
b - Repel Missiles        Chrm/Air       ####......   1%          2    None
c - Swiftness             Chrm/Air       ####......   1%          2    None
d - Flight                Chrm/Air       ####......   1%          3    #......
e - Blink                 Tloc           N/A          17%         2    None
f - Lightning Bolt        Conj/Air       ##........   98%         5    ####...


Dungeon Overview and Level Annotations

Branches:
Dungeon (16/27)            Temple (1/1) D:7             Orc (4/4) D:11
    Elf (0/3) Orc:3          Lair (8/8) D:9           Swamp (0/5) Lair:6
  Snake (0/5) Lair:4        Slime (0/6) Lair:6       Vaults (0/5) D:16

Altars:
Ashenzari
Cheibriados
Elyvilon
Fedhas
Kikubaaqudgha
Makhleb
Nemelex Xobeh
Okawaru
Sif Muna
Trog
Vehumet
Xom
Yredelemnul
Zin
the Shining One
Beogh

Shops:
D:5 /   D:15 ![/=   Orc:4 [+*(

Annotations:
Orc:4 Saint Roka
Lair:3 Gastronok
Lair:8 Brokkr's ghost, powerful GrFi


Innate Abilities, Weirdness & Mutations

You possess an exceptional clarity of mind.


Message History

Two slime creatures merge to form a large slime creature.
A troll comes into view.
Unknown command.
You sock the titanic slime creature!
You feel better.
The titanic slime creature is heavily wounded.
The slime creature hits you.
Unknown command.
You sock the titanic slime creature!
The titanic slime creature is heavily wounded.
The yaktaur captain unwields an uncursed crossbow.
The yaktaur captain closely misses you. The slime creature closely misses you.
The titanic slime creature misses you.
Unknown command.
You hit the yaktaur captain.
The yaktaur captain is lightly wounded.
The yaktaur captain barely misses you.
The large slime creature completely misses you.
The slime creature hits you! The titanic slime creature hits you!
Ouch! That really hurt!
You die...

## .# ... ## # .#.......
.###.. ...........
....... #.....T......
###.... #............ #
..#. #............
###...... ##...........
......... #....cJ.......
..####.... #..@J.....>.
.## #.. ..# #...J.......
.## #.. #..##..........
#.##..## #..##..........
.......###..##..........
.##.........#(....>....
#.# #............... #)#
###............. #.#
#...#........


You could see a yaktaur captain, a titanic slime creature, a large slime
creature, a slime creature and a troll.

Vanquished Creatures
  A dire elephant (Lair:8)
  Snorg (D:15)
  A yaktaur captain (D:16)
  Fannar (D:12)
  Harold (D:12)
  4 hydras
  A ravenous item mimic (Lair:8)
  6 death yaks (Lair:7)
  2 orc high priests
  2 centaur warriors
  Urug (Orc:4)
  A fire crab (shapeshifter) (D:14)
  Nergalle (Orc:4)
  Erolcha (Orc:4)
  2 giant amoebae (Lair:6)
  Pikel (D:7)
  3 hill giants
  A lindwurm (Lair:7)
  2 orc knights (Orc:4)
  2 orc sorcerers
  A wolf spider zombie (D:14)
  3 griffons
  2 wolf spiders
  5 cyclopes
  6 black mambas
  6 elephants (Lair:8)
  Maurice (Orc:2)
  A queen ant (Lair:6)
  Psyche (D:11)
  7 spiny frogs
  A yaktaur (D:10)
  14 komodo dragons
  A fire drake (Lair:7)
  2 hydra zombies
  2 two-headed ogres
  A polar bear (Lair:7)
  5 trolls
  8 slime creatures
  2 griffon zombies
  24 blink frogs
  A brown ooze (Lair:6)
  2 basilisks
  2 shadows
  4 sharks (D:11)
  8 ugly things
  A wraith (D:11)
  An ice dragon skeleton (D:15)
  An elephant slug (Lair:5)
  A vampire mosquito (D:10)
  Eustachio (D:7)
  2 deep elf magi (Orc:2)
  4 wyverns
  8 hippogriffs
  2 necrophages
  6 wolves (Lair:6)
  24 yaks
  4 hungry ghosts
  The ghost of Fv001 the Shield-Bearer, an average GrFi (D:3)
  7 soldier ants (Lair:6)
  A manticore (D:12)
  A swamp drake (Orc:2)
  A slave (D:7)
  10 porcupines
  3 nagas (Lair:4)
  31 orc warriors
  A mottled dragon (D:15)
  2 phantoms
  A giant goldfish (D:11)
  7 sky beasts
  2 rotting devils (Orc:2)
  15 crocodiles
  9 ogres
  A boring beetle (shapeshifter) (D:13)
  13 centaurs
  5 lava worms (D:12)
  8 water moccasins
  A gnoll sergeant (D:10)
  4 big kobolds
  23 giant frogs
  8 giant slugs
  Blork the orc (Orc:1)
  A manticore zombie (D:9)
  5 wargs
  3 agate snails (Lair:8)
  A cyclops skeleton (D:14)
  A manticore skeleton (D:10)
  3 lava fish (D:12)
  An eye of draining (D:13)
  A troll zombie (D:14)
  14 killer bees
  3 electric eels (D:11)
  A wight (D:10)
  A troll skeleton (D:11)
  5 jellyfish
  9 crimson imps
  A goliath beetle (D:15)
  A centaur zombie (D:5)
  An iron imp (Orc:2)
  2 giant frog skeletons
  3 jellies
  30 orc priests
  A gnoll shaman (D:4)
  6 hounds
  Crazy Yiuf (D:3)
  3 giant frog zombies
  A quasit (D:10)
  8 orange rats (Lair:6)
  7 big fish
  25 orc wizards
  4 scorpions
  8 iguanas
  24 worker ants
  2 spectral orcs (Orc:4)
  4 sheep (Lair:8)
  A mottled dragon zombie (D:14)
  Ijyb (D:3)
  Jessica (D:3)
  2 hound zombies (D:5)
  Terence (D:3)
  A mummy (D:11)
  A hound skeleton (D:8)
  20 adders
  19 gnolls
  60 green rats
  3 giant centipedes
  A shadow imp (Orc:2)
  4 giant mites
  An inept feature mimic (D:9)
  2 white imps
  An inept item mimic (Orc:1)
  3 worms
  An adder skeleton (D:7)
  A scorpion zombie (D:5)
  4 giant eyeballs
  4 giant geckos
  5 oozes
  133 orcs
  10 giant cockroaches
  23 goblins
  3 grey rats (Lair:6)
  22 hobgoblins
  24 jackals
  11 quokkas
  25 bats
  A giant cockroach zombie (D:5)
  2 giant gecko zombies
  6 giant newts
  2 giant spores
  A goblin zombie (D:5)
  2 jackal zombies (D:5)
  23 kobolds
  A kobold skeleton (D:5)
  An orc zombie (D:5)
  2 quokka skeletons (D:5)
  33 rats
  A rat skeleton (D:6)
  2 rat zombies
  6 ballistomycetes
  A fungus (D:3)
1009 creatures vanquished.

Vanquished Creatures (others)
  A black bear (D:10)
  A hound (D:11)
  3 orcs
  A hobgoblin (D:11)
  A quokka (D:7)
  11 fungi
  5 plants
23 creatures vanquished.

Grand Total: 1032 creatures vanquished

Notes
Turn   | Place    | Note
--------------------------------------------------------------
     0 | D:1      | Spinnock, the High Elf Gladiator, began the quest for the Orb.
     0 | D:1      | Reached XP level 1. HP: 15/15 MP: 1/1
   131 | D:1      | Reached skill level 4 in Long Blades
   187 | D:1      | Reached XP level 2. HP: 20/20 MP: 2/2
   589 | D:1      | Reached skill level 5 in Long Blades
   806 | D:1      | Reached XP level 3. HP: 25/25 MP: 4/4
  1565 | D:2      | Found a bloodstained altar of Trog.
  1565 | D:2      | Found a sparkling altar of Nemelex Xobeh.
  1955 | D:2      | Found a shattered altar of Ashenzari.
  2272 | D:2      | Found a burning altar of Makhleb.
  2272 | D:2      | Found a glowing silver altar of Zin.
  2273 | D:2      | Noticed a cacodemon
  2273 | D:2      | Noticed an angel
  2320 | D:2      | Reached XP level 4. HP: 29/31 MP: 6/6
  2866 | D:3      | Noticed Fv001's ghost (average GrFi)
  2931 | D:4      | Noticed a phantom
  3033 | D:5      | Entered Level 5 of the Dungeon
  3033 | D:5      | Noticed a sky beast
  3041 | D:5      | Reached skill level 6 in Long Blades
  3041 | D:5      | Reached XP level 5. HP: 22/36 MP: 7/7
  4455 | D:4      | Reached skill level 1 in Short Blades
  4455 | D:4      | Reached skill level 5 in Dodging
  4455 | D:4      | Reached XP level 6. HP: 37/41 MP: 9/9
  4612 | D:4      | Noticed an ogre
  4635 | D:4      | Killed an ogre
  4653 | D:4      | Noticed an ogre
  5094 | D:3      | Noticed Terence
  5139 | D:3      | Killed Terence
  5466 | D:3      | Killed Fv001's ghost
  5466 | D:3      | Reached XP level 7. HP: 16/47 MP: 11/11
  6031 | D:3      | Noticed Jessica
  6082 | D:3      | Killed Jessica
  6178 | D:3      | Noticed Ijyb
  6243 | D:3      | Killed Ijyb
  6516 | D:3      | Noticed Crazy Yiuf
  6535 | D:3      | Killed Crazy Yiuf
  6535 | D:3      | Reached skill level 5 in Short Blades
  7477 | D:5      | Killed a sky beast
  7632 | D:5      | Reached skill level 7 in Short Blades
  7632 | D:5      | Reached XP level 8. HP: 54/54 MP: 12/12
  7643 | D:5      | Paralysed by a giant eyeball for 3 turns
  7657 | D:5      | Found Gaathaum's Magical Wand Emporium.
  7663 | D:5      | Bought a wand of cold (3) for 168 gold pieces
  8104 | D:6      | Noticed an ogre
  8123 | D:6      | Killed an ogre
  8326 | D:6      | Reached skill level 8 in Dodging
  8688 | D:6      | Found a basalt altar of Yredelemnul.
  9040 | D:7      | Reached skill level 9 in Dodging
  9103 | D:7      | Noticed Eustachio
  9342 | D:7      | Found a staircase to the Ecumenical Temple.
  9360 | Temple   | Entered the Ecumenical Temple
  9529 | Temple   | Became a worshipper of Warmaster Okawaru
  9702 | D:7      | Noticed Pikel
  9736 | D:7      | Killed Pikel
  9736 | D:7      | Reached skill level 10 in Dodging
  9736 | D:7      | Reached XP level 9. HP: 27/58 MP: 14/14
 10017 | D:8      | Reached skill level 11 in Dodging
 10313 | D:8      | Acquired Okawaru's first power
 10343 | D:7      | Killed Eustachio
 10544 | D:8      | Reached skill level 12 in Dodging
 10717 | D:8      | Got a flickering glass ring
 10755 | D:8      | Identified the ring "Ecacoisch" {Hunger Str+2 Dex-4} (You found it on level 8 of the Dungeon)
 11076 | D:8      | Paralysed by a giant eyeball for 3 turns
 11234 | D:9      | Reached skill level 1 in Invocations
 11462 | D:9      | Found a staircase to the Lair.
 11597 | D:9      | Found a deep blue altar of Sif Muna.
 11630 | D:9      | Reached XP level 10. HP: 44/65 MP: 18/18
 11767 | D:9      | Found a glowing golden altar of the Shining One.
 11957 | D:9      | Reached skill level 5 in Fighting
 11967 | D:10     | Entered Level 10 of the Dungeon
 12062 | D:10     | Noticed a hill giant
 12791 | D:5      | Killed a phantom
 13013 | Lair:1   | Entered Level 1 of the Lair of Beasts
 13036 | Lair:1   | Reached skill level 1 in Maces & Flails
 13488 | Lair:1   | Noticed a black mamba
 13503 | Lair:1   | Killed a black mamba
 13513 | Lair:1   | Reached skill level 5 in Maces & Flails
 14845 | Lair:1   | Reached XP level 11. HP: 71/71 MP: 20/20
 15438 | Lair:2   | Learned a level 6 spell: Haste
 15708 | Lair:2   | Reached skill level 1 in Charms
 16345 | Lair:3   | Noticed Gastronok
 16748 | Lair:3   | Noticed a six-headed hydra
 16799 | Lair:4   | Reached skill level 5 in Charms
 17257 | Lair:4   | Found a staircase to the Snake Pit.
 17917 | Lair:5   | Acquired Okawaru's second power
 18133 | Lair:5   | Identified a scroll of acquirement
 18534 | Lair:6   | Reached skill level 10 in Charms
 18747 | Lair:6   | Reached XP level 12. HP: 77/77 MP: 21/21
 19281 | Lair:6   | Noticed a giant amoeba
 19306 | Lair:6   | Noticed a giant amoeba
 19565 | Lair:6   | Found a staircase to the Swamp.
 19680 | Lair:6   | Reached skill level 1 in Spellcasting
 19877 | Lair:6   | Noticed a five-headed hydra
 19901 | Lair:6   | Killed a five-headed hydra
 19901 | Lair:6   | Received a gift from Okawaru
 19998 | Lair:6   | Found a staircase to the Slime Pits.
 20027 | Lair:6   | Killed a giant amoeba
 20040 | Lair:6   | Killed a giant amoeba
 20040 | Lair:6   | Reached skill level 5 in Spellcasting
 21704 | Lair:7   | Reached XP level 13. HP: 28/81 MP: 28/32
 21971 | Lair:8   | Entered Level 8 of the Lair of Beasts
 22463 | Lair:7   | Got a blackened leather armour
 22471 | Lair:7   | Identified the cursed -3 leather armour of the Accordion {rC+ Str+2} (You found it on level 7 of the Lair of Beasts)
 22677 | Lair:7   | Noticed a six-headed hydra
 22690 | Lair:7   | Killed a six-headed hydra
 22858 | Lair:8   | Noticed Brokkr's ghost (powerful GrFi)
 23137 | Lair:8   | Reached skill level 13 in Charms
 23385 | Lair:8   | Upgraded the game from 0.13.0-29-gdb529de to 0.13.0-39-g024a69c
 24140 | Lair:8   | Reached skill level 14 in Dodging
 24500 | Lair:8   | Noticed a dire elephant
 24735 | Lair:8   | Reached skill level 15 in Dodging
 24753 | Lair:8   | Killed a dire elephant
 25056 | Lair:7   | Received a gift from Okawaru
 25504 | D:10     | Killed a hill giant
 25788 | D:10     | Found an iron altar of Okawaru.
 26572 | D:10     | Noticed a cyclops
 26589 | D:10     | Killed a cyclops
 26940 | D:11     | Noticed Psyche
 26958 | D:11     | Killed Psyche
 27383 | D:11     | Reached XP level 14. HP: 81/90 MP: 32/32
 28310 | D:11     | Found a staircase to the Orcish Mines.
 28343 | Orc:1    | Entered Level 1 of the Orcish Mines
 28348 | Orc:1    | Noticed Blork the orc
 29139 | Orc:4    | Entered Level 4 of the Orcish Mines
 29270 | Orc:4    | Noticed Erolcha
 29285 | Orc:4    | Killed Erolcha
 29586 | Orc:4    | Noticed Nergalle
 29597 | Orc:4    | Found a roughly hewn altar of Beogh.
 29601 | Orc:4    | Noticed Saint Roka
 30190 | Orc:4    | Noticed Urug
 30233 | Orc:4    | Killed Urug
 31070 | Orc:4    | Killed Nergalle
 32724 | Orc:4    | Found Kas Akhla's Antique Weapon Shop.
 32761 | Orc:4    | Found Lagakkudad's General Store.
 32801 | Orc:4    | Found Ivveit's Book Shop.
 32807 | Orc:4    | Bought a book of Air for 455 gold pieces
 32828 | Orc:4    | Found Xahokihu's Antique Armour Shop.
 32835 | Orc:4    | Bought a pair of runed gloves for 31 gold pieces
 32861 | Orc:4    | Bought a runed scimitar for 148 gold pieces
 32861 | Orc:4    | Bought a glowing great sword for 198 gold pieces
 32874 | Orc:4    | Learned a level 2 spell: Repel Missiles
 32877 | Orc:4    | Learned a level 2 spell: Swiftness
 32881 | Orc:4    | Learned a level 3 spell: Flight
 32990 | Orc:3    | Upgraded the game from 0.13.0-39-g024a69c to 0.13.0-59-g13bd910
 33163 | Orc:3    | Reached skill level 1 in Air Magic
 33200 | Orc:3    | Found a staircase to the Elven Halls.
 33480 | Orc:2    | Noticed Maurice
 33516 | Orc:2    | Killed Maurice
 33729 | Orc:2    | Learned a level 2 spell: Blink
 33735 | Orc:2    | Learned a level 5 spell: Lightning Bolt
 33938 | Orc:1    | Killed Blork the orc
 34732 | D:12     | Noticed Harold
 34767 | D:12     | Killed Harold
 34990 | D:12     | Noticed Fannar
 35025 | D:12     | Killed Fannar
 35078 | D:12     | Reached skill level 10 in Fighting
 35865 | D:14     | Entered Level 14 of the Dungeon
 36277 | D:14     | Reached skill level 1 in Stealth
 36361 | D:14     | Got an ancient great mace
 36362 | D:14     | Identified the +6,+8 great mace "Daep" {vamp, rF+ rC+ MR+ Str+2} (You acquired it on level 14 of the Dungeon)
 36457 | D:15     | Entered Level 15 of the Dungeon
 36462 | D:15     | Found Ghyz's Distillery.
 36462 | D:15     | Found Isoh's Armour Shop.
 36488 | D:15     | Bought a potion of heal wounds for 57 gold pieces
 36488 | D:15     | Bought a potion of beneficial mutation for 665 gold pieces
 36490 | D:15     | Gained mutation: You possess an exceptional clarity of mind. [potion of beneficial mutation]
 36513 | D:15     | Bought a +1 helmet of intelligence for 243 gold pieces
 36985 | D:15     | Found Catsoali's Magical Wand Boutique.
 37301 | D:15     | Noticed Snorg
 37318 | D:15     | Killed Snorg
 37394 | D:15     | Found a deep blue altar of Sif Muna.
 37814 | D:15     | Reached XP level 15. HP: 84/101 MP: 33/33
 37960 | D:15     | Found Streafix's Jewellery Shoppe.
 37971 | D:15     | Bought the ring "Osaekh" {+Rage rPois rN+ Dex+1 SInv} for 632 gold pieces
 38334 | D:16     | Found a blossoming altar of Fedhas.
 38469 | D:16     | Found a staircase to the Vaults.
 38487 | D:16     | Mangled by a titanic slime creature

Action                   |  1- 3 |  4- 6 |  7- 9 | 10-12 | 13-15 || total
-------------------------+-------+-------+-------+-------+-------++-------
Melee: Falchion          |   168 |   184 |    30 |       |       ||   382
       Short sword       |       |   113 |   718 |   369 |       ||  1200
       Sabre             |       |       |    11 |    10 |  1811 ||  1832
       Whip              |       |       |       |  1097 |   713 ||  1810
       Scimitar          |       |       |       |       |    36 ||    36
       Great mace        |       |       |       |       |    20 ||    20
 Fire: Blowgun           |       |     3 |       |       |     9 ||    12
Throw: Dart              |     3 |     7 |     3 |       |       ||    13
       Throwing net      |       |     4 |       |     1 |     2 ||     7
 Cast: Haste             |       |       |       |       |    16 ||    16
       Repel Missiles    |       |       |       |       |     5 ||     5
Invok: Heroism           |       |       |     2 |    33 |    62 ||    97
       Finesse           |       |       |       |     1 |     2 ||     3
Evoke: Wand              |       |     7 |     9 |    11 |    29 ||    56
  Use: Scroll            |     3 |     9 |     8 |    16 |    22 ||    58
       Potion            |       |     2 |     1 |    12 |    10 ||    25
 Stab: Sleeping          |       |       |     3 |     9 |     9 ||    21
       Invisible         |       |       |       |    13 |       ||    13
       Held in net/web   |       |       |       |     1 |     2 ||     3
       Distracted        |       |       |       |       |     1 ||     1
       Paralysed         |       |       |       |       |     1 ||     1
